APL (24 & UNDER)
SAVANNAH HOGS @ PENSACOLA PILOTS
08/29/2027
 
TOP OF THE 1ST
Savannah Hogs batting - Pitching for Pensacola Pilots : LHP Fernando Palácios
Pitching: LHP Fernando Palácios
Batting: RHB Ramón Gómez 0-0: Ball
1-0: Ball
2-0: Ball
3-0: Called Strike
3-1: Foul Ball, location: 2F
3-2: Strikes out looking
Batting: RHB Anastasio Movonda 0-0: Called Strike
0-1: Foul Ball, location: 2F
0-2: Ball
1-2: Ball
2-2: SINGLE (Line Drive, 89S)
Batting: LHB Jim Clemente 0-0: Ball
1-0: Ball
2-0: Called Strike
2-1: Fly out, F9 (Flyball, 9LM)
Batting: RHB Sergio Moreno 0-0: Ball
1-0: Ball
Anastasio Movonda steals 2nd base
2-0: Foul Ball, location: 2F
2-1: Called Strike
2-2: Fly out, F9 (Flyball, 9LM)
Top of the 1st over - 0 run(s), 1 hit(s), 0 error(s), 1 left on base; Savannah 0 - Pensacola 0
BOTTOM OF THE 1ST
Pensacola Pilots batting - Pitching for Savannah Hogs : LHP Roberto Barrón
Pitching: LHP Roberto Barrón
Batting: SHB José Velásquez 0-0: Ball
1-0: Ball
2-0: Foul Ball, location: 2F
2-1: Ball
3-1: Called Strike
3-2: Foul Ball, location: 2F
3-2: Base on Balls
Batting: RHB Roberto Gómez 0-0: Ball
1-0: Foul Ball, location: 2F
1-1: Foul Ball, location: 2F
1-2: Foul Ball, location: 2F
1-2: Fly out, F8 (Flyball, 8RD)
Batting: RHB Aaron Grizzle 0-0: Ball
1-0: Called Strike
1-1: SINGLE (Groundball, 6MD)
José Velásquez to second
Runner from 2nd tries for 3rd, SAFE, throw made to third
Aaron Grizzle to second
Batting: RHB Jesús Sánchez 0-0: Ball
1-0: Ball
2-0: Called Strike
2-1: Ball
3-1: 3-RUN HOME RUN (Flyball, 9D), Distance : 391 ft
Batting: RHB Julian Lee 0-0: Ground out 5-3 (Groundball, 5L)
Batting: SHB Fernando Gutiérrez 0-0: Foul Ball, location: 2F
0-1: Ball
1-1: Ball
2-1: DOUBLE (Line Drive, 89D)
Batting: LHB Nick Gamble 0-0: Ball
1-0: Foul Ball, location: 2F
1-1: Foul Ball, location: 2F
1-2: Strikes out swinging
Bottom of the 1st over - 3 run(s), 3 hit(s), 0 error(s), 1 left on base; Savannah 0 - Pensacola 3
TOP OF THE 2ND
Savannah Hogs batting - Pitching for Pensacola Pilots : LHP Fernando Palácios
Batting: RHB Guillermo González 0-0: Ball
1-0: Called Strike
1-1: Swinging Strike
1-2: Ball
2-2: Foul Ball, location: 2F
2-2: Ground out 5-3 (Groundball, 56)
Batting: RHB Remi Eruzione 0-0: Foul Ball, location: 2F
0-1: Ball
1-1: Foul Ball, location: 2F
1-2: Strikes out swinging
Pitching: RHP Jesús Núñez
Batting: RHB Henry Dawson 0-0: Ball
1-0: Ball
2-0: Fly out, F9 (Flyball, 9LSF)
Top of the 2nd over - 0 run(s), 0 hit(s), 0 error(s), 0 left on base; Savannah 0 - Pensacola 3
BOTTOM OF THE 2ND
Pensacola Pilots batting - Pitching for Savannah Hogs : LHP Roberto Barrón
Batting: RHB Robert Rose 0-0: Ball
1-0: Swinging Strike
1-1: Ball
2-1: Ball
3-1: Base on Balls
Batting: RHB Jesús García 0-0: Grounds into double play, 1-6-3 (Groundball, 13)
Batting: SHB José Velásquez 0-0: Swinging Strike
0-1: Swinging Strike
0-2: Ball
1-2: Ball
2-2: Strikes out swinging
Bottom of the 2nd over - 0 run(s), 0 hit(s), 0 error(s), 0 left on base; Savannah 0 - Pensacola 3
TOP OF THE 3RD
Savannah Hogs batting - Pitching for Pensacola Pilots : RHP Jesús Núñez
Batting: RHB Alex Whitehead 0-0: Ball
1-0: Called Strike
1-1: Ball
2-1: Ball
3-1: Foul Ball, location: 2F
3-2: Strikes out looking
Batting: LHB Marv Alexander 0-0: Ball
1-0: Ball
2-0: Ball
3-0: Base on Balls
Batting: RHB Ramón Gómez 0-0: Called Strike
0-1: Foul Ball, location: 2F
0-2: Strikes out swinging
Batting: RHB Anastasio Movonda 0-0: Ball
1-0: Called Strike
1-1: Called Strike
1-2: Strikes out looking
Top of the 3rd over - 0 run(s), 0 hit(s), 0 error(s), 1 left on base; Savannah 0 - Pensacola 3
BOTTOM OF THE 3RD
Pensacola Pilots batting - Pitching for Savannah Hogs : LHP Roberto Barrón
Batting: RHB Roberto Gómez 0-0: Ball
1-0: Ball
2-0: Called Strike
2-1: Ball
3-1: Base on Balls
Batting: RHB Aaron Grizzle 0-0: Ball
1-0: Called Strike
1-1: Called Strike
1-2: Ball
2-2: Ball
3-2: Base on Balls
Roberto Gómez to second
Batting: RHB Jesús Sánchez 0-0: Fly out, F5 (Popup, 5L)
Batting: RHB Julian Lee 0-0: Foul Ball, location: 2F
0-1: DOUBLE (Flyball, 8LD)
Roberto Gómez scores
Aaron Grizzle to third
Runner from 3rd tries for Home, SAFE, no throw
Batting: SHB Fernando Gutiérrez 0-0: Ball
1-0: Ball
2-0: Foul Ball, location: 2F
2-1: Ball
3-1: Called Strike
3-2: Strikes out swinging
Batting: LHB Nick Gamble 0-0: Foul Ball, location: 2F
0-1: Called Strike
0-2: Foul Ball, location: 2F
0-2: Ball
1-2: Ball
2-2: Ground out 4-3 (Groundball, 4)
Bottom of the 3rd over - 2 run(s), 1 hit(s), 0 error(s), 1 left on base; Savannah 0 - Pensacola 5
TOP OF THE 4TH
Savannah Hogs batting - Pitching for Pensacola Pilots : RHP Jesús Núñez
Pitching: RHP Manuel Valdés
Batting: LHB Jim Clemente 0-0: DOUBLE (Line Drive, 8LXD)
Batting: RHB Sergio Moreno 0-0: Ball
1-0: Foul Ball, location: 2F
1-1: Swinging Strike
1-2: Ball
2-2: Foul Ball, location: 2F
2-2: Ball
3-2: Base on Balls
Batting: RHB Guillermo González 0-0: Ball
1-0: Fly out, F2 (Popup, 25)
Batting: RHB Remi Eruzione 0-0: Called Strike
Jim Clemente steals 3rd base
Sergio Moreno to second
0-1: Foul Ball, location: 2F
0-2: Foul Ball, location: 2F
0-2: SINGLE (Groundball, 34D)
Jim Clemente scores
Sergio Moreno to third
Runner from 3rd tries for Home, throw and OUT!
Remi Eruzione to second
Batting: RHB Henry Dawson 0-0: Foul Ball, location: 2F
0-1: Ball
1-1: Ball
2-1: Swinging Strike
2-2: Ball
3-2: Strikes out swinging
Top of the 4th over - 1 run(s), 2 hit(s), 0 error(s), 1 left on base; Savannah 1 - Pensacola 5
BOTTOM OF THE 4TH
Pensacola Pilots batting - Pitching for Savannah Hogs : LHP Roberto Barrón
Now at C: José Fajardo
Batting: RHB Robert Rose 0-0: Called Strike
0-1: Fly out, F7 (Line Drive, 7)
Batting: RHB Jesús García 0-0: Ground out 5-3 (Groundball, 56S)
Batting: SHB José Velásquez 0-0: Ball
1-0: Ball
2-0: Ball
3-0: Called Strike
3-1: Foul Ball, location: 2F
3-2: Ground out 6-3 (Groundball, 6)
Bottom of the 4th over - 0 run(s), 0 hit(s), 0 error(s), 0 left on base; Savannah 1 - Pensacola 5
TOP OF THE 5TH
Savannah Hogs batting - Pitching for Pensacola Pilots : RHP Manuel Valdés
Batting: RHB Alex Whitehead 0-0: Foul Ball, location: 2F
0-1: Ball
1-1: Fly out, F7 (Flyball, 78S)
Batting: LHB Marv Alexander 0-0: Called Strike
0-1: Foul Ball, location: 2F
0-2: Ball
1-2: Ball
2-2: Ball
3-2: Foul Ball, location: 2F
3-2: Foul Ball, location: 2F
3-2: Base on Balls
Batting: RHB Ramón Gómez 0-0: Ball
1-0: Ball
Marv Alexander steals 2nd base
2-0: Called Strike
2-1: Ground out 5-3 (Groundball, 56)
Batting: RHB Anastasio Movonda 0-0: Ball
1-0: Foul Ball, location: 2F
1-1: Ball
2-1: Fly out, F1 (Line Drive, 13)
Top of the 5th over - 0 run(s), 0 hit(s), 0 error(s), 1 left on base; Savannah 1 - Pensacola 5
BOTTOM OF THE 5TH
Pensacola Pilots batting - Pitching for Savannah Hogs : LHP Roberto Barrón
Pitching: RHP António Baca
Batting: RHB Roberto Gómez 0-0: Ball
1-0: Swinging Strike
1-1: Ball
2-1: Ball
3-1: Base on Balls
Batting: RHB Aaron Grizzle 0-0: Called Strike
0-1: Ball
1-1: Foul Ball, location: 2F
1-2: Fly out, F9 (Flyball, 89M)
Batting: RHB Jesús Sánchez 0-0: Swinging Strike
0-1: Ball
1-1: Called Strike
1-2: Grounds into double play, 6-4-3 (Groundball, 6)
Bottom of the 5th over - 0 run(s), 0 hit(s), 0 error(s), 0 left on base; Savannah 1 - Pensacola 5
TOP OF THE 6TH
Savannah Hogs batting - Pitching for Pensacola Pilots : RHP Manuel Valdés
Batting: LHB Jim Clemente 0-0: Called Strike
0-1: Foul Ball, location: 2F
0-2: Strikes out looking
Batting: RHB José Fajardo 0-0: Called Strike
0-1: Fly out, F7 (Line Drive, 78M)
Batting: RHB Guillermo González 0-0: Reached on error, E1 (Groundball, 13)
Batting: RHB Remi Eruzione 0-0: Ball
1-0: Ball
2-0: Fly out, F9 (Flyball, 89M)
Top of the 6th over - 0 run(s), 0 hit(s), 1 error(s), 1 left on base; Savannah 1 - Pensacola 5
BOTTOM OF THE 6TH
Pensacola Pilots batting - Pitching for Savannah Hogs : RHP António Baca
Batting: RHB Julian Lee 0-0: Called Strike
0-1: Ball
1-1: Ball
2-1: Fly out, F7 (Flyball, 7LMF)
Batting: SHB Fernando Gutiérrez 0-0: Called Strike
0-1: Called Strike
0-2: Ball
1-2: Strikes out swinging
Batting: LHB Nick Gamble 0-0: Foul Ball, location: 2F
0-1: Ground out 6-3 (Groundball, 6)
Bottom of the 6th over - 0 run(s), 0 hit(s), 0 error(s), 0 left on base; Savannah 1 - Pensacola 5
TOP OF THE 7TH
Savannah Hogs batting - Pitching for Pensacola Pilots : RHP Manuel Valdés
Batting: RHB Henry Dawson 0-0: Foul Ball, location: 2F
0-1: Ball
1-1: Ball
2-1: DOUBLE (Flyball, 7)
Batting: RHB Alex Whitehead 0-0: Called Strike
0-1: Ball
1-1: Ball
2-1: Ball
Wild Pitch!
Henry Dawson to third
3-1: Called Strike
3-2: Ground out 5-3 (Groundball, 5)
Batting: LHB Marv Alexander 0-0: Ball
1-0: Called Strike
1-1: Swinging Strike
1-2: Fly out, F4 (Line Drive, 4M)
Batting: RHB Ramón Gómez 0-0: Called Strike
0-1: Ball
1-1: Ball
2-1: Called Strike
2-2: Fly out, F8 (Line Drive, 8LD)
Top of the 7th over - 0 run(s), 1 hit(s), 0 error(s), 1 left on base; Savannah 1 - Pensacola 5
BOTTOM OF THE 7TH
Pensacola Pilots batting - Pitching for Savannah Hogs : RHP António Baca
Batting: RHB Robert Rose 0-0: Ball
1-0: Ball
2-0: Foul Ball, location: 2F
2-1: Foul Ball, location: 2F
2-2: SINGLE (Groundball, 6D)
Batting: RHB Jesús García 0-0: Called Strike
0-1: Ball
1-1: Foul Ball, location: 2F
1-2: Ball
2-2: Ground out 5-3 (Groundball, 56S)
Robert Rose to second
Batting: SHB José Velásquez 0-0: Ball
1-0: Called Strike
1-1: Ball
2-1: Ground out 4-3 (Groundball, 4)
Robert Rose to third
Batting: RHB Roberto Gómez 0-0: Ball
1-0: Called Strike
1-1: Foul Ball, location: 2F
1-2: Strikes out swinging
Bottom of the 7th over - 0 run(s), 1 hit(s), 0 error(s), 1 left on base; Savannah 1 - Pensacola 5
TOP OF THE 8TH
Savannah Hogs batting - Pitching for Pensacola Pilots : RHP Manuel Valdés
Batting: RHB Anastasio Movonda 0-0: Ball
1-0: Ball
2-0: Ball
3-0: Called Strike
3-1: Base on Balls
Batting: LHB Jim Clemente 0-0: Ball
1-0: Called Strike
1-1: Foul Ball, location: 2F
1-2: Foul Ball, location: 2F
1-2: Fly out, F2 (Popup, 25)
Batting: RHB José Fajardo 0-0: Ball
Wild Pitch!
Anastasio Movonda to second
1-0: Ball
2-0: SINGLE (Line Drive, 78M)
Anastasio Movonda to third
Pitching: RHP Juan Hernández
Batting: RHB Guillermo González 0-0: Ball
1-0: SINGLE (Line Drive, 9LS)
Anastasio Movonda scores
José Fajardo to second
Batting: RHB Remi Eruzione 0-0: Called Strike
0-1: Ball
1-1: Ball
2-1: Ball
3-1: Base on Balls
José Fajardo to third
Guillermo González to second
Pinch Hitting: LHB Juan Delgado 0-0: Ball
1-0: Foul Ball, location: 2F
1-1: Ball
2-1: Grounds into double play, 4-6-3 (Groundball, 4)
Top of the 8th over - 1 run(s), 2 hit(s), 0 error(s), 2 left on base; Savannah 2 - Pensacola 5
BOTTOM OF THE 8TH
Pensacola Pilots batting - Pitching for Savannah Hogs : RHP António Baca
Now at 2B: Ivan Costello
Batting: RHB Aaron Grizzle 0-0: Ball
1-0: Ball
2-0: Foul Ball, location: 2F
2-1: Fly out, F7 (Flyball, 7S)
Batting: RHB Jesús Sánchez 0-0: Called Strike
0-1: Foul Ball, location: 2F
0-2: Hit by Pitch
Batting: RHB Julian Lee 0-0: Called Strike
0-1: Ball
1-1: Ball
2-1: Foul Ball, location: 2F
2-2: Ball
3-2: Foul Ball, location: 2F
3-2: Base on Balls
Jesús Sánchez to second
Pitching: RHP Danny Lee
Batting: SHB Fernando Gutiérrez 0-0: Ball
1-0: SINGLE (Groundball, 4MD)
Jesús Sánchez to third
Julian Lee to second
Pitching: LHP Nathan Armstrong
Batting: LHB Nick Gamble 0-0: SINGLE (Line Drive, 4MD)
Jesús Sánchez scores
Julian Lee to third
Fernando Gutiérrez to second
Pitching: RHP José Gonzáles
Batting: RHB Robert Rose 0-0: Ball
1-0: Ball
2-0: Ball
3-0: Called Strike
3-1: Called Strike
3-2: Grounds into double play, 6-4-3 (Groundball, 6)
Bottom of the 8th over - 1 run(s), 2 hit(s), 0 error(s), 2 left on base; Savannah 2 - Pensacola 6
TOP OF THE 9TH
Savannah Hogs batting - Pitching for Pensacola Pilots : RHP Juan Hernández
Batting: RHB Alex Whitehead 0-0: Ball
1-0: Ground out 6-3 (Groundball, 6)
Batting: LHB Marv Alexander 0-0: Ball
1-0: Called Strike
1-1: Swinging Strike
1-2: Foul Ball, location: 2F
1-2: Strikes out looking
Batting: RHB Ramón Gómez 0-0: Called Strike
0-1: Called Strike
0-2: Ball
1-2: Strikes out swinging
Top of the 9th over - 0 run(s), 0 hit(s), 0 error(s), 0 left on base; Savannah 2 - Pensacola 6
Thursday, March 30th, 2017 - OOTP Baseball 17.12 Build 75